 Dungeon Crawl Stone Soup version 0.31.0-9-g3a7656b989 (webtiles) character file.

Game seed: 11368207257050400376

70 qw the Shooter (level 4, -7/22 HPs)
             Began as a Spriggan Hunter on Feb 2, 2024.
             Mangled by an orc
             ... wielding a +0 trident
              (18 damage)
             ... on level 3 of the Dungeon.
             The game lasted 00:00:06 (1294 turns).

qw the Shooter (Spriggan Hunter)                    Turns: 1294, Time: 00:00:06

Health: -7/22      AC:  3    Str: 13    XL:     4   Next: 4%
Magic:  5/5        EV:  4    Int: 10    God:
Gold:   62         SH:  0    Dex: 20    Spells: 3/3 levels left

rFire   . . .        a - +0 shortbow
rCold   . . .        (shield currently unavailable)
rNeg    . . .        c - +0 robe
rPois   .            (helmet restricted)
rElec   .            i - +0 cloak
rCorr   .            (gloves unavailable)
SInv    +            (boots unavailable)
Will    .....        (no amulet)
Stlth   ++           k - +6 ring of strength
HPRegen 0.23/turn    (no ring)
MPRegen 0.09/turn

%: no passive effects
@: sleeping, very quick
A: very small, no large weapons, unfitting armour, see invisible, speed 3
a: no special abilities


You were on level 3 of the Dungeon.
You visited 1 branch of the dungeon, and saw 3 of its levels.

You collected 158 gold pieces.
You spent 96 gold pieces at shops.


Innate Abilities, Weirdness & Mutations

You are very small and have problems with some larger weapons.
You are too small for most types of armour.
You have supernaturally acute eyesight. (SInv)
You cover ground extremely quickly. (Speed+++)


   Skills:
 - Level 1.5 Fighting
 - Level 5.0 Ranged Weapons
 + Level 4.1 Dodging
 - Level 1.5 Stealth


You had 3 spell levels left.
You didn't know any spells.
Your spell library was empty.

Inventory:

Hand Weapons
 a - a +0 shortbow (weapon)
Armour
 c - a +0 robe (worn)
 i - a +0 cloak (worn)
Jewellery
 b - a ring of resist corrosion
 k - a +6 ring of strength (left hand)
Scrolls
 d - a scroll of amnesia {unknown}
 e - a scroll of fear {unknown}
 j - a scroll of teleportation
Potions
 g - a potion of mutation
 h - 3 potions of curing

Dungeon Overview and Level Annotations

Branches:
Dungeon (3/15)

Altars:
Hepliaklqana
Kikubaaqudgha

Shops:
D:1 *   D:2 *


Message History

You shoot an arrow. The arrow hits the sleepcap.
The sleepcap is moderately damaged.
An orc comes into view. It is wielding a +0 falchion.
The sleepcap closely misses you.
The orc wizard mumbles some strange words.
The orc wizard flickers and vanishes for a moment.
You shoot an arrow. The orc shouts!
The arrow hits the sleepcap.
The sleepcap is moderately damaged.
The sleepcap misses you. The orc misses you.
The sleepcap completely misses you.
A rat comes into view.
You shoot an arrow. The rat squeaks loudly.
The arrow hits the sleepcap but does no damage.
The sleepcap is moderately damaged.
The rat twitches its whiskers.
The orc completely misses you. The sleepcap closely misses you.
You shoot an arrow.
The arrow hits the sleepcap but does no damage.
The sleepcap is moderately damaged.
The orc hits you from afar with a +0 trident!
The sleepcap barely misses you.
You shoot an arrow.
The arrow hits the sleepcap but does no damage.
The sleepcap is moderately damaged.
The sleepcap barely misses you. The orc closely misses you.
You shoot an arrow.
The arrow hits the sleepcap but does no damage.
The sleepcap is moderately damaged.
The sleepcap misses you.
The orc hits you from afar with a +0 trident.
You shoot an arrow. The arrow hits the sleepcap.
The sleepcap is heavily damaged.
The sleepcap releases spores at you.
You are engulfed in a cloud of soporific spores!
You fall asleep.
The orc hits you from afar with a +0 trident!!
Ouch! That really hurt!
You die...

#.# ##.#### #.# ##...#..
#.###.......
#######.##<.......
..................
#.#####.##.......# #o#
#.###......#
...####.#####.####...#.#
..oroof@......#.........
..#####.#####.#.¤~~~~~~~
#.# #.#.¤¤...... #.#
#.#.~¤#.###. #.#
#...~.#...#. #.#
#...~.#._.#. #.#
###.~.#...#. #.#
#.~.###.#¤ #:~.......


You could see a sleepcap, an orc wizard (invisible), 3 orcs and a rat.

Vanquished Creatures
  A gnoll (D:1)
  An adder (D:3)
  A ribbon worm (D:2)
  2 orcs
  6 bats
  3 endoplasms
  4 giant cockroaches
  4 goblins
  3 hobgoblins
  7 kobolds
  A quokka (D:1)
  4 ball pythons
  3 frilled lizards
  5 rats
45 creatures vanquished.

Notes
Turn   | Place    | Note
-------+----------+-------------------------------------------
     0 | D:1      | qw the Spriggan Hunter began the quest for the Orb.
     0 | D:1      | Reached XP level 1. HP: 10/10 MP: 2/2
     0 | D:1      | 0 ||| qw: Version: 0.3-a-155-g5e7d8dd
     0 | D:1      | 0 ||| qw: Game counter: 2374
     0 | D:1      | 0 ||| qw: Melee chars always use a shield: true
     0 | D:1      | 0 ||| qw: God list: Okawaru
     0 | D:1      | 0 ||| qw: Allow faded altars: false
     0 | D:1      | 0 ||| qw: Do Orc after clearing Dungeon:15 true
     0 | D:1      | 0 ||| qw: Do second Lair branch before Depths: true
     0 | D:1      | 0 ||| qw: Lair rune preference: random
     0 | D:1      | 0 ||| qw: Goals: Normal
     0 | D:1      | 0 ||| PLANNING D:1-11
     7 | D:1      | Reached skill level 3 in Dodging
     9 | D:1      | Reached XP level 2. HP: 14/14 MP: 3/3
    91 | D:1      | Found a faded altar of an unknown god.
   145 | D:1      | Found Xafeidot's Assorted Antiques.
   153 | D:1      | 153 ||| SHOPLISTING lumpy green potion (27 gold, have 17).
   153 | D:1      | 153 ||| SHOPLISTING runed tourmaline ring (155 gold, have
                  | 17).
   153 | D:1      | 153 ||| SHOPLISTING scroll labelled HIEPUE HAEGU (31 gold,
                  | have 17).
   153 | D:1      | 153 ||| SHOPLISTING scroll labelled ITSU KOT ISI (31 gold,
                  | have 17).
   153 | D:1      | 153 ||| SHOPLISTING scroll labelled TOULIGI SIKHUF (31
                  | gold, have 17).
   194 | D:1      | Reached XP level 3. HP: 18/18 MP: 4/4
   525 | D:1      | 525 ||| DROPPING amulet of magic regeneration.
   526 | D:1      | 526 ||| DROPPING +6 ring of intelligence.
   527 | D:1      | 527 ||| READING 6 scrolls labelled ITSU KOT ISI.
   527 | D:1      | 527 ||| IDENTIFYING viscous brown potion
   528 | D:1      | 528 ||| DROPPING scroll of butterflies.
   636 | D:2      | Found an ancient bone altar of Kikubaaqudgha.
   782 | D:2      | Found Aqoehicw's Assorted Antiques.
   792 | D:2      | 792 ||| BUYING 3 scrolls labelled GYIL LAARCHE (60 gold).
   792 | D:2      | Bought 3 scrolls labelled GYIL LAARCHE for 60 gold pieces
   792 | D:2      | 792 ||| BUYING murky red potion (18 gold).
   792 | D:2      | Bought a murky red potion for 18 gold pieces
   792 | D:2      | 792 ||| BUYING murky red potion (18 gold).
   792 | D:2      | Bought a murky red potion for 18 gold pieces
  1070 | D:2      | 1070 ||| UPGRADING to +0 cloak.
  1075 | D:2      | 1075 ||| UPGRADING to +6 ring of strength.
  1076 | D:2      | 1076 ||| READING 7 scrolls of identify.
  1076 | D:2      | 1076 ||| IDENTIFYING brown potion
  1077 | D:2      | 1077 ||| READING 6 scrolls of identify.
  1077 | D:2      | 1077 ||| IDENTIFYING bubbling grey potion
  1078 | D:2      | 1078 ||| READING 5 scrolls of identify.
  1078 | D:2      | 1078 ||| IDENTIFYING 2 murky red potions
  1079 | D:2      | 1079 ||| READING 4 scrolls of identify.
  1079 | D:2      | 1079 ||| IDENTIFYING scroll labelled GOESAL UGGELAU
  1080 | D:2      | 1080 ||| READING 3 scrolls of identify.
  1080 | D:2      | 1080 ||| IDENTIFYING scroll labelled ASCHAT HOUHU
  1081 | D:2      | 1081 ||| READING 2 scrolls of identify.
  1081 | D:2      | 1081 ||| IDENTIFYING scroll labelled MUCRYL QEPLEED
  1082 | D:2      | 1082 ||| READING scroll of identify.
  1082 | D:2      | 1082 ||| IDENTIFYING 3 scrolls labelled GYIL LAARCHE
  1083 | D:2      | 1083 ||| DROPPING scroll of immolation.
  1084 | D:2      | 1084 ||| DROPPING scroll of noise.
  1085 | D:2      | 1085 ||| DROPPING potion of brilliance.
  1086 | D:2      | 1086 ||| DROPPING 3 scrolls of fog.
  1087 | D:2      | 1087 ||| DROPPING 2 potions of attraction.
  1117 | D:3      | Reached skill level 5 in Ranged Weapons
  1215 | D:3      | Found a hazy altar of Hepliaklqana.
  1221 | D:3      | Reached XP level 4. HP: 22/22 MP: 5/5
  1294 | D:3      | Mangled by an orc

Levels and vault maps discovered:
D:1:      eino_arrival_water_star, layout_basic, serial_shops,
          nicolae_shop_gibbet_a_chance, ebering_ecumenical_altar_hall
D:2:      layout_basic, serial_shops, nicolae_shop_overgrown_old_shop,
          basic_altar
D:3:      layout_loops_ring, mainiacjoe_overflow_brackets, minmay_snake_closets

Skill      XL: |  1  2  3 |
---------------+----------+-----
Dodging        | 4 |  4.1
Ranged Weapons | 5 |  5.0
Fighting       | |  1.5
Stealth        | |  1.5

Action                     |  1- 3 |  4- 6 || total
---------------------------+-------+-------++-------
   Fire: Shortbow          |   115 |    14 ||   129
    Use: Scroll            |     8 |       ||     8
 Armour: Robe              |     9 |     4 ||    13
  Dodge: Dodged            |    28 |    10 ||    38

Table legend:
 A = Non-vault XP
 B = Vault XP
 C = Vault XP percentage of total XP
 D = Non-vault monster count
 E = Vault monster count
 F = Vault count percentage of total count
                 A         B        C        D         E       F
            +---------+---------+-------+---------+---------+-------
      Total |     101 |       0 |   0.0 |      45 |       0 |   0.0
            +---------+---------+-------+---------+---------+-------
        D:1 |      54 |       0 |   0.0 |      26 |       0 |   0.0
        D:2 |      25 |       0 |   0.0 |      13 |       0 |   0.0
        D:3 |      22 |       0 |   0.0 |       6 |       0 |   0.0
            +---------+---------+-------+---------+---------+-------
